Description

Although it might not be always stable since this is proxy build order, this can be really effective in some cases.

Build Order

Get SALT Encoding   

  14  00:01  SCV  
  14  00:18  Supply Depot  1 SCV must move towards enemy base for proxy barracks.
  15  00:25  SCV  1 SCV must move towards enemy base for proxy barracks.
  15  00:39  Barracks  Build barrack near enemy base using prior SCV.
  16  00:40  SCV  
  16  00:45  Refinery  16 Refinery
  17  00:51  SCV  Build barrack near enemy base using prior SCV.
  17  00:55  Refinery  17 Refinery. Remeber, Cloaking upgrade will cost you lots of Vespene gas.
  19  01:06  SCV x2  
  20  01:25  Reaper  As all other build orders, first Reaper is really important. Make sure it survives long enough to scout what enemy is doing.
  20  01:33  Ghost Academy  Use SCV that built Barracks beforehand.
  20  01:34  Orbital Command  
  20  01:43  Supply Depot  Make sure to close the entrance with this for defense.
  20  01:57  Barracks Tech Lab  Attach the Lab as soon as Reaper comes out.
  21  02:00  SCV  Make sure to calldown MULE at a same time.
  21  02:06  Personal Cloaking  Upgrade as soon as Ghost Academy is built.
  22  02:12  SCV  This will be the last SCV. You should have about 15 SCVs on the mineral.
  22  02:15  Supply Depot  As aforementioned, make sure to close the entrance with this for defense.
  20  01:25  Reaper  As all other build orders, first Reaper is really important. Make sure it survives long enough to scout what enemy is doing.
  24  02:29  Ghost  
  26  02:58  Ghost  Rush when 2 Ghosts are gathered.
Spawning Tool Build Advisor. Get it on Overwolf

Analysis

330 Proxy Ghost can be effective against Gateway-Double Nexus Protoss, since Gateway-Double build hinders the capability of gathering gas early on, which means Protoss lack the detection usually. Using the reaper to figure what Protoss is building is crucial.

IF you figure Protoss building Robotics Facility and warping in observer, do not be afraid - Personal Cloaking will be upgraded earlier. Use Scanner Sweep or EMP to take care of the observer as soon as possible.

While pushing the enemy using 2 Ghosts, building Factory in the base is recommended. Preparing single Cyclone will drastically improve your defense against Warp Prism counter attack towards you.

Go to:

Details

  • Created by: sciencejiho
  • Published on: Jan 03, 2019
  • Modified on: Jan 03, 2019
  • Patch: 4.7.1
Show
View Real Time Build Order
Export as new Build Order

Comments (1)

On Feb. 1, 2019, 5:43 p.m., keps25  said:

This build has an error with the reapers in the order.

Create an account to comment!